 Dungeon Crawl Stone Soup version 0.29-a0-284-gf9362112df (webtiles) character file.

Game seed: 16780269589398006521

87 Warped the Slasher (level 4, 0/35 HPs)
             Began as a Formicid Fighter on Mar 22, 2022.
             Splashed by a jelly's acid (2 damage)
             ... on level 3 of the Dungeon.
             The game lasted 00:02:37 (2308 turns).

Warped the Slasher (Formicid Fighter)               Turns: 2308, Time: 00:02:39

Health: 0/35       AC: -13   Str: 22    XL:     4   Next: 80%
Magic:  0/13       EV:  9    Int:  8    God:
Gold:   138        SH:  4    Dex: 10    Spells: 3/3 levels left

rFire   . . .      SeeInvis +   a - +0 rapier
rCold   . . .      Faith    .   c - +0 buckler
rNeg    . . .      Spirit   +   p - +0 scale mail
rPois   .          Reflect  .   (helmet unavailable)
rElec   .          Harm     .   (no cloak)
rCorr   .          Rampage  .   (no gloves)
Will    .....                   (no boots)
Stlth   ..........              v - amulet of guardian spirit
HPRegen 0.11/turn               r - ring of magical power
MPRegen 0.13/turn               (no ring)

@: corroded
A: permanent stasis, dig shafts and tunnels, antennae 3, four strong arms
a: Dig, Shaft Self


You were on level 3 of the Dungeon.
You visited 1 branch of the dungeon, and saw 3 of its levels.

You collected 138 gold pieces.

Inventory:

Hand Weapons
 a - a +0 rapier (weapon)
 b - a +1 hunting sling of flaming
 g - a +1 vorpal spear
 m - a +0 quarterstaff
Missiles
 f - 72 stones
 h - 5 silver boomerangs
 i - 2 boomerangs
Armour
 c - a +0 buckler (worn)
 p - a +0 scale mail (worn)
Jewellery
 r - a ring of magical power (left hand)
 v - an amulet of guardian spirit (around neck)
Wands
 l - a wand of iceblast (5)
Scrolls
 j - 3 scrolls of identify {unknown}
 q - a scroll of holy word {unknown}
 u - 3 scrolls of enchant armour {unknown}
 w - a scroll of summoning {unknown}
Potions
 d - a potion of might
 e - a potion of ambrosia {unknown}
 k - 2 potions of resistance {unknown}
 n - 2 potions of degeneration {unknown}
 o - a potion of attraction {unknown}
 s - a potion of magic {unknown}
 t - a potion of invisibility {unknown}


   Skills:
 - Level 3.2 Fighting
 - Level 2.0(3.2) Short Blades
 + Level 4.0(4.2) Long Blades
 - Level 3.2 Armour
 - Level 3.6 Shields


You had 3 spell levels left.
You didn't know any spells.
Your spell library contained the following spells:

 Spells                   Type           Power      Damage    Failure   Level
 Animate Skeleton         Necr           0%         N/A       80%         1
 Apportation              Tloc           0%         N/A       80%         1
 Summon Small Mammal      Summ           0%         N/A       80%         1


Dungeon Overview and Level Annotations

Branches:
Dungeon (3/15)

Altars:


Innate Abilities, Weirdness & Mutations

You cannot be hasted, slowed, berserked, paralysed or teleported.
You can dig through walls and to a lower floor.
You have a pair of large antennae on your head. (SInv)
Your four strong arms can wield two-handed weapons with a shield.


Message History

A jelly is nearby!
You hit the jelly.
Your hands burn!
The jelly is moderately wounded.
The jelly hits you but does no damage.
You hit the jelly but do no damage.
Your hands burn!
The jelly is moderately wounded.
The jelly completely misses you.
A jelly is nearby!
You hit the jelly. The acid corrodes you!
Your hands burn!
The jelly is heavily wounded.
The jelly closely misses you.
A jelly is nearby!
You hit the jelly.
Your hands burn!
The jelly is severely wounded.
You block the jelly's attack.
You hit the jelly.
Your hands burn!
The jelly is almost dead.
The jelly hits you. The acid corrodes you!
You are splashed with acid!
The jelly barely misses you.
You are too injured to fight recklessly!
You are too injured to fight recklessly!
You are too injured to fight recklessly!
You are too injured to fight recklessly!
You are too injured to fight recklessly!
You hit the jelly but do no damage.
Your hands burn!
The jelly is almost dead.
You block the jelly's attack.
You hit the jelly but do no damage.
Your hands burn!
The jelly is almost dead.
The jelly hits you. The acid corrodes you!
You are splashed with acid!
* * * LOW HITPOINT WARNING * * *
Okay, then.
Okay, then.
You hit the jelly but do no damage. The acid corrodes you!
Your hands burn!
* * * LOW HITPOINT WARNING * * *
The jelly is almost dead.
The jelly hits you.
* * * LOW HITPOINT WARNING * * *
You are splashed with acid.
You die...

.#....###...##.#..###.#.##
.###..# #.### #.........#
...#..# .# #.##.##.>...#
.###..# # #...........#
.#....# ####.##...#.#
##..# #.###.##.# ....#
#.....# # .##.#
#.######.##### .##.#
#.....J@.# ....#
########.# ###.# #..# #.#
##.# #.# .# ###.#
######### .# ....#
#.......# .# .####
#.......# .# ####.......#


You could see a jelly.

Vanquished Creatures
  3 adders (D:2)
  A worm (D:3)
  A dart slug (D:1)
  6 ball pythons
  3 endoplasms
  3 giant cockroaches
  7 goblins
  5 hobgoblins
  A jackal (D:3)
  2 kobolds (D:3)
  6 quokkas
  4 bats
  2 frilled lizards
  6 rats
50 creatures vanquished.

Notes
Turn   | Place    | Note
-------+----------+-------------------------------------------
     0 | D:1      | Warped the Formicid Fighter began the quest for the Orb.
     0 | D:1      | Reached XP level 1. HP: 18/18 MP: 1/1
    81 | D:1      | Reached skill level 1 in Long Blades
    94 | D:1      | Reached XP level 2. HP: 18/24 MP: 2/2
   211 | D:1      | Reached skill level 2 in Long Blades
   316 | D:1      | Reached XP level 3. HP: 26/29 MP: 3/3
   774 | D:2      | Reached skill level 3 in Long Blades
   915 | D:2      | Reached XP level 4. HP: 19/35 MP: 4/4
  1534 | D:2      | Found a faded altar of an unknown god.
  2160 | D:3      | Reached skill level 4 in Long Blades
  2308 | D:3      | Splashed by a jelly's acid

Illustrated notes

Levels and vault maps discovered:
D:1:      minmay_arrival_plants_in_alcoves, layout_rooms, supply_closet_lemuel
D:2:      layout_rooms, shapermc_ecumenical_altar_mp_vishouse
D:3:      layout_loops_ring, minmay_quantized

Skill      XL: |  1  2  3  4 |
---------------+-------------+-----
Long Blades    | 1 2 3 4 |  4.0
Fighting       | |  3.2
Short Blades   | |  2.0
Armour         | |  3.2
Shields        | |  3.6

Action                   |  1- 3 |  4- 6 || total
-------------------------+-------+-------++-------
Melee: Rapier            |    89 |    82 ||   171
Armor: Scale mail        |    30 |    26 ||    56
Dodge: Dodged            |    33 |    31 ||    64
Block: Buckler           |    23 |    20 ||    43

Table legend: (Time is in decaauts)
 A = Elapsed time spent in this place.
 B = Non-inter-level travel time spent in this place.
 C = Inter-level travel time spent in this place.
 D = Time resting spent in this place.
 E = Time spent auto-exploring this place.
 F = Levels seen in this place.
 G = Mean time per level.
                   A        B        C        D        E       F      G
               +--------+--------+--------+--------+--------+-----+--------+
         Total |   2322 |   2252 |     70 |    217 |   1645 |   3 |  774.0 |
       Dungeon |   2322 |   2252 |     70 |    217 |   1645 |   3 |  774.0 |
               +--------+--------+--------+--------+--------+-----+--------+

Top non-repeatable levels by time:
     D:2: 957 daAuts
     D:3: 722 daAuts
     D:1: 642 daAuts
